 Dungeon Crawl Stone Soup version 0.25-a0-316-gd28d56f9c5 (webtiles) character file.

Game seed: 1458027658123751844, levelgen mode: classic

216 Borgoz the Twirler (level 5, 0/32 HPs)
             Began as a Gargoyle Gladiator on Dec 24, 2019.
             Slain by a bat (1 damage)
             ... on level 3 of the Dungeon.
             The game lasted 00:03:03 (2265 turns).

Borgoz the Twirler (Gargoyle Gladiator)             Turns: 2265, Time: 00:03:03

Health: 0/32       AC: 10    Str: 17    XL:     5   Next: 93%
Magic:  5/5        EV: 12    Int:  9    God:
Gold:   116        SH:  0    Dex: 12    Spells: 4/4 levels left

rFire    . . .     SeeInvis .   a - +0 quarterstaff
rCold    . . .     Gourm    .   (shield currently unavailable)
rNeg     + . .     Faith    .   o - +0 ring mail (curse)
rPois    ∞         Spirit   .   c - +0 helmet
rElec    +         Reflect  .   (no cloak)
rCorr    .         Harm     .   (no gloves)
MR       .....                  (no boots)
Stlth    +.........             (no amulet)
HPRegen  0.10/turn              (no ring)
MPRegen  0.09/turn              (no ring)

@: berserk cooldown, slowed, very slow
A: negative energy resistance 1, electricity resistance, unbreathing,
petrification resistance, rot immunity, AC +4
a: no special abilities


You were on level 3 of the Dungeon.
You were hungry.

You visited 1 branch of the dungeon, and saw 3 of its levels.

You collected 116 gold pieces.

Inventory:

Hand Weapons
 a - a +0 quarterstaff (weapon)
Missiles
 d - 2 throwing nets (quivered)
Armour
 c - a +0 helmet (worn)
 o - a cursed +0 ring mail (worn)
Scrolls
 e - a scroll of enchant weapon {unknown}
 j - 2 scrolls of magic mapping {unknown}
 m - a scroll of teleportation {unknown}
 n - 2 scrolls of fog {unknown}
 p - a scroll of fear {unknown}
 q - a scroll of amnesia {unknown}
Potions
 b - a potion of flight {unknown}
 g - a potion of berserk rage
 h - a potion of agility {unknown}
 i - a potion of curing {unknown}
 k - a potion of brilliance {unknown}
 l - 2 potions of degeneration {unknown}
Comestibles
 f - 3 rations


   Skills:
 + Level 3.2 Fighting
 * Level 4.5 Staves
 - Level 1.7 Throwing
 + Level 2.0 Armour
 * Level 3.5 Dodging


You had 4 spell levels left.
You didn't know any spells.
Your spell library was empty.

Dungeon Overview and Level Annotations

Branches:
Dungeon (3/15)

Altars:


Innate Abilities, Weirdness & Mutations

You are resistant to torment.
Your stone body is resilient. (AC +4)
You are immune to poison.
You resist negative energy. (rN+)
You are resistant to electric shocks. (rElec)
You can survive without breathing.
You are immune to petrification.
You are immune to rotting.


Message History

You barely miss the iguana.
The iguana is almost dead.
The iguana bites you.
* * * LOW HITPOINT WARNING * * *
You sock the iguana!
You kill the iguana!
Your Armour skill increases to level 2!
The bat closely misses you.
You see here an iguana corpse.
You feel a strong urge to attack something.
You are feeling hungry.
You are too berserk!
You feel your anger nearly subside.
You are no longer berserk.
You are exhausted.
You feel yourself slow down.
Okay, then.
A bat is nearby!
A bat is nearby!
The bat hits you.
You die...

#..........#####.......##.##...
...........# #.......+.......
...........## #..)....##.#....
............####...))..).......
.........!..#.##...)...##.#....
...........)#.###†#.b..# #....
#..$...........####..#
#............b.# #..#
#...(.......@..# #....
.................# #..##.
.##............?.# ##.# #
#............(.# #.#
.....#####?....## .#....
#.#.### #.#.. ..#.# .....


You could see a bat.

Vanquished Creatures
  A bullfrog skeleton (D:3)
  An orc priest (D:3)
  An orc wizard (D:3)
  An iguana (D:3)
  3 adders
  A worm (D:2)
  2 dart slugs (D:1)
  3 leopard geckos
  8 orcs (D:3)
  4 bats
  3 giant cockroaches (D:2)
  7 goblins
  6 hobgoblins
  6 kobolds
  A quokka (D:2)
  A ball python (D:1)
  3 frilled lizards
  4 rats
56 creatures vanquished.

Notes
Turn   | Place    | Note
-------+----------+-------------------------------------------
     0 | D:1      | Borgoz the Gargoyle Gladiator began the quest for the Orb.
     0 | D:1      | Reached XP level 1. HP: 12/12 MP: 1/1
   125 | D:1      | Reached XP level 2. HP: 17/17 MP: 2/2
   864 | D:2      | Reached XP level 3. HP: 22/22 MP: 3/3
  1000 | D:2      | Reached skill level 1 in Armour
  1376 | D:2      | Reached XP level 4. HP: 23/27 MP: 4/4
  1662 | D:3      | Reached skill level 4 in Staves
  1729 | D:3      | Reached XP level 5. HP: 17/32 MP: 5/5
  2259 | D:3      | HP: 1/48 [iguana (5)]
  2265 | D:3      | Slain by a bat

Levels and vault maps discovered:
D:1:      dpeg_arrival_tiny_c, layout_loops_corners
D:2:      layout_basic, minmay_pentomino_u2
D:3:      layout_basic, first_ration, nrook_loot_triangle,
          kennysheep_flooded_box

Skill      XL: |  1  2  3  4  5 |
---------------+----------------+-----
Armour         | 1 2 |  2.0
Dodging        | 3 |  3.5
Staves         | 4 |  4.5
Fighting       | 3 |  3.2
Throwing       | |  1.7

Action                   |  1- 3 |  4- 6 || total
-------------------------+-------+-------++-------
Melee: Quarterstaff      |   100 |    84 ||   184
Throw: Throwing net      |       |     1 ||     1
  Use: Potion            |       |     1 ||     1
  Eat: Chunk             |     2 |     2 ||     4
Armor: Leather armour    |    34 |       ||    34
       Ring mail         |    13 |    55 ||    68
       Skin              |     3 |       ||     3
Dodge: Dodged            |    61 |   124 ||   185

Table legend:
 A = Non-vault XP
 B = Vault XP
 C = Vault XP percentage of total XP
 D = Non-vault monster count
 E = Vault monster count
 F = Vault count percentage of total count
                 A         B        C        D         E       F
            +---------+---------+-------+---------+---------+-------
      Total |     304 |       5 |   1.6 |      55 |       1 |   1.8
            +---------+---------+-------+---------+---------+-------
        D:1 |      32 |       0 |   0.0 |      15 |       0 |   0.0
        D:2 |      45 |       5 |  10.0 |      20 |       1 |   4.8
        D:3 |     227 |       0 |   0.0 |      20 |       0 |   0.0
            +---------+---------+-------+---------+---------+-------
